AoeStats
← 309444469

Arena

509835156Analyzed
1v1 RM · 5d ago on Sep 28, 2026· 15m 24s· 2 players
Game mode
Random Map
Map size
Tiny (2 player)
Population
200
Speed
Normal
Resources
Standard
Victory
Conquest
Starting age
Dark Age
Ending age
Imperial Age
RankedLock teamsTeams togetherTeam positionsShared explorationLock speedFull tech treeHidden civsTurbo modeCheats
Victory
Defeat
🇨🇴 Saxons · Colombia
1072
+16
🇨🇳 Spanish · China
1075
-16
LRNI_Thegar
9:32 Feudal Age
8:19 Loom
13:31 Castle Age
11:51 Double-Bit Axe
12:18 Gold Mining
15:31 Redemption
309444469
10:02 Feudal Age
13:51 Castle Age
13:45 Double-Bit Axe
Connection lost

Rejoining the realm…

Still unreachable

The connection could not be restored.

Session expired

The server has moved on; the page needs a fresh start.